 Dungeon Crawl Stone Soup version 0.24-a0-778-g74da537585 (webtiles) character file.

Game seed: 18433308237010113318, levelgen mode: deterministic

1224 Erlindor the Magician (level 8, 0/56 HPs)
             Began as a Mummy Wanderer on Oct 7, 2019.
             Was an Initiate of Gozag.
             Shot with an arrow by a centaur (10 damage)
             ... on level 6 of the Dungeon.
             The game lasted 00:18:36 (7620 turns).

Erlindor the Magician (Mummy Wanderer)              Turns: 7620, Time: 00:18:37

Health: 0/56       AC:  2    Str: 15    XL:     8   Next: 23%
Magic:  18/18      EV: 11    Int: 16    God:    Gozag
Gold:   553        SH:  4    Dex:  9    Spells: 16/20 levels left

rFire    x x .     SeeInvis .   b - +1 mace (crush)
rCold    + + .     Gourm    .   d - +0 buckler
rNeg     + + +     Faith    .   m - +0 robe
rPois    ∞         Spirit   .   (no helmet)
rElec    .         Reflect  .   (no cloak)
rCorr    .         Harm     .   (no gloves)
MR       +....                  (no boots)
Stlth    +.........             (no amulet)
HPRegen  0.18/turn              k - ring of ice
MPRegen  0.16/turn              (no ring)

@: about to teleport
A: no food or potions, fire vulnerability, cold resistance 1, negative energy
resistance 3, torment resistance, unbreathing
a: Potion Petition, Call Merchant, Bribe Branch, Renounce Religion


You were on level 6 of the Dungeon.
You worshipped Gozag.
Gozag was pleased with you.
You were not hungry.

You visited 1 branch of the dungeon, and saw 8 of its levels.

You collected 591 gold pieces.
You paid 38 gold pieces to Gozag.

Inventory:

Hand Weapons
 a - a +0 hunting sling
 b - a +1 mace of crushing (weapon)
Missiles
 i - 88 stones (quivered)
Armour
 d - a +0 buckler (worn)
 m - a +0 robe (worn)
Magical Staves
 n - an uncursed staff of poison
Jewellery
 k - a ring of ice (left hand)
Wands
 h - a wand of enslavement (4)
 o - a wand of iceblast (13)
Scrolls
 c - 3 scrolls of teleportation
 e - 2 scrolls of identify
 f - a scroll of immolation
 g - a scroll of fear
 j - a scroll of remove curse
 l - a scroll of fog {unknown}
 p - a scroll of noise {unknown}


   Skills:
 - Level 2.0 Fighting
   Level 1.5 Polearms
 - Level 1.5 Throwing
 - Level 4.0 Shields
 + Level 6.8 Spellcasting
   Level 1.0 Conjurations
 + Level 2.6 Charms
   Level 1.5 Fire Magic
 + Level 4.2 Ice Magic


You had 16 spell levels left.
You knew the following spells:

 Your Spells              Type           Power        Failure   Level  Hunger
a - Freeze                Ice            ####         2%          1    N/A
b - Ozocubu's Armour      Chrm/Ice       ###.....     10%         3    N/A

Your spell library contained the following spells:

 Spells                   Type           Power        Failure   Level  Hunger
 Summon Small Mammal      Summ           #...         13%         1    N/A
 Call Imp                 Summ           #.......     19%         2    N/A
 Call Canine Familiar     Summ           #.......     36%         3    N/A
 Summon Guardian Golem    Hex/Summ       #.......     36%         3    N/A
 Summon Ice Beast         Ice/Summ       ###.....     47%         4    N/A
 Summon Lightning Spire   Summ/Air       #.......     77%         4    N/A

Dungeon Overview and Level Annotations

Branches:
Dungeon (8/15)
 Temple: D:4-7         Lair: D:8-11

Altars:
Gozag
Trog
Zin

Annotations:
D:3 Ijyb


Innate Abilities, Weirdness & Mutations

You do not eat or drink.
Your flesh is vulnerable to fire.
You are immune to poison.
Your flesh is cold resistant. (rC+)
You are immune to negative energy. (rN+++)
You are immune to unholy pain and torment.
You can survive without breathing.


Message History

Found a viscous puce potion.
p - a scroll labeled WEONOOZITZ A centaur comes into view.
The centaur shouts!
The centaur wields a +0 shortbow.
The centaur shoots an arrow.
The arrow hits you!
You see here an arrow.
A centaur is nearby!
Wield which item (- for none, * to show all)? (? for menu, Esc to quit)
Okay, then.
Okay, then.
The centaur shoots an arrow.
The arrow hits you!
You see here an arrow.
As you read the scroll of teleportation, it crumbles to dust.
You feel strangely unstable.
The centaur shoots an arrow.
The arrow hits you!
The centaur shoots an arrow.
The arrow hits you!
* * * LOW HITPOINT WARNING * * *
The centaur shoots an arrow.
The arrow hits you!
You die...
Your body crumbles into a pile of gold.

#...... #.# #+#..... #.#
#..?.... #.# #.#..c##
########.# #......#
#......#.######
#......###..............
#.).............#.######
#>#.(.............######
#..(.@.......>..[)....
#.######......####...#
#. #.............# #.
#....%........#
#.######...........###
#........####......#
########## #......#
#......# #......#


You could see a centaur.

Vanquished Creatures
  Sigmund (D:5)
  Eustachio (D:4)
  A sky beast (D:8)
  A phantom (D:8)
  A centaur (D:4)
  A crimson imp (D:5)
  A hound (D:6)
  3 orc priests
  A centaur skeleton (D:8)
  Jessica (D:2)
  An iguana (D:4)
  Natasha (thrice) (D:3)
  7 worker ants
  A mummy (D:4)
  A gnoll (D:3)
  A howler monkey skeleton (D:4)
  6 adders
  2 shadow imps
  2 oozes (D:4)
  2 adder skeletons
  A worm (D:5)
  4 dart slugs
  9 orcs
  6 bats
  5 giant cockroaches
  7 goblins
  4 hobgoblins
  9 jackals
  3 quokkas
  9 frilled lizards
  A goblin zombie (D:4)
  3 kobolds
  A kobold zombie (D:4)
  5 rats
105 creatures vanquished.

Notes
Turn   | Place    | Note
-------+----------+-------------------------------------------
     0 | D:1      | Erlindor the Mummy Wanderer began the quest for the Orb.
     0 | D:1      | Erlindor set off with the following items: a +2 spear, a
                  | scroll of teleportation, a +0 robe; and the following spell
                  | memorised: Freeze; and the following spells available to
                  | memorise: Ozocubu's Armour
     0 | D:1      | Reached XP level 1. HP: 15/15 MP: 4/4
    66 | D:1      | Reached skill level 3 in Spellcasting
    66 | D:1      | Reached XP level 2. HP: 13/21 MP: 6/6
   742 | D:2      | Found a faded altar of an unknown god.
   755 | D:2      | Reached skill level 1 in Ice Magic
   980 | D:2      | Reached XP level 3. HP: 27/27 MP: 3/7
  1521 | D:2      | Reached skill level 1 in Shields
  1738 | D:3      | Noticed Jessica
  1750 | D:2      | Killed Jessica
  1750 | D:2      | Reached XP level 4. HP: 32/33 MP: 5/9
  1815 | D:3      | Reached skill level 4 in Spellcasting
  1815 | D:3      | Noticed an orc warrior
  2220 | D:3      | Found a bloodstained altar of Trog.
  2246 | D:3      | Found a glowing silver altar of Zin.
  2396 | D:3      | Found an opulent altar of Gozag.
  2400 | D:3      | Noticed Ijyb
  2402 | D:3      | Noticed Natasha
  2408 | D:3      | HP: 1/33 [white imp/puff of frost[Natasha] (1)]
  2726 | D:3      | Killed Natasha
  2726 | D:3      | Reached XP level 5. HP: 30/38 MP: 6/11
  2781 | D:3      | Noticed Natasha
  2788 | D:3      | Killed Natasha
  2816 | D:3      | Noticed Natasha
  2851 | D:3      | Killed Natasha
  3012 | D:3      | HP: 1/38 [shadow imp (5)]
  3396 | D:3      | Became a worshipper of Gozag Ym Sagoz the Greedy
  3907 | D:4      | Noticed a centaur
  4341 | D:4      | Killed a centaur
  4341 | D:4      | Reached skill level 5 in Spellcasting
  4341 | D:4      | Reached XP level 6. HP: 20/44 MP: 11/13
  5093 | D:4      | Learned a level 3 spell: Ozocubu's Armour
  5278 | D:4      | Noticed Eustachio
  5296 | D:4      | Killed Eustachio
  5296 | D:4      | Reached XP level 7. HP: 16/50 MP: 1/15
  5660 | D:4      | Reached skill level 1 in Charms
  6344 | D:5      | Entered Level 5 of the Dungeon
  6404 | D:5      | Reached skill level 6 in Spellcasting
  6707 | D:5      | Noticed Sigmund
  6715 | D:5      | Killed Sigmund
  6794 | D:5      | You fall into a shaft and drop 3 floors!
  6875 | D:8      | Reached XP level 8. HP: 37/56 MP: 7/17
  7620 | D:6      | Shot with an arrow by a centaur

Levels and vault maps discovered:
D:1:      wander_arrival_desolate, layout_rooms
D:2:      layout_basic, chequers_ecumenical_altar_simple
D:3:      layout_loops_cross, overflow_temple_1_default, grunt_dithmenos_smoke,
          gammafunk_temple_overflow_forgotten, overflow_temple_1_default,
          roderic_batcave, st_stairs_8, uniq_jessica, uniq_natasha,
          uniq_terence, uniq_ijyb
D:4:      layout_basic, nicolae_ossuary_entry_giza, uniq_eustachio
D:5:      layout_rooms, first_ration, uniq_sigmund
D:6:      layout_basic, serial_shops, shop, shop, nicolae_shop_window_shopping,
          nicolae_shop_stone
D:7:      layout_gridville, temple_statues, uniq_duvessa, uniq_harold,
          uniq_crazy_yiuf_cottage, uniq_joseph
D:8:      layout_loops_ring, blue_anna_alchemist [blue_anna_fruit_fields,
          blue_anna_fruit_fields], fedhas_altar_4

Skill      XL: |  1  2  3  4  5  6  7  8 |
---------------+-------------------------+-----
Spellcasting   | 3 4 5 6 |  6.8
Ice Magic      | 1 2 3 4 |  4.2
Fighting       | 2 |  2.0
Shields        | 1 2 3 4 |  4.0
Charms         | 2 |  2.6
Polearms       | |  1.5
Throwing       | |  1.5
Conjurations   | |  1.0
Fire Magic     | |  1.5

Action                   |  1- 3 |  4- 6 |  7- 9 || total
-------------------------+-------+-------+-------++-------
Melee: Spear             |    55 |       |       ||    55
       Mace              |       |    85 |    20 ||   105
 Fire: Hunting sling     |    57 |    31 |    79 ||   167
 Cast: Freeze            |     9 |    66 |    79 ||   154
       Ozocubu's Armour  |       |     1 |       ||     1
  Use: Scroll            |       |     5 |     4 ||     9
Armor: Robe              |    15 |    12 |     8 ||    35
Dodge: Dodged            |    47 |    84 |    35 ||   166
Block: Buckler           |     5 |    23 |     7 ||    35

Table legend:
 A = Non-vault XP
 B = Vault XP
 C = Vault XP percentage of total XP
 D = Non-vault monster count
 E = Vault monster count
 F = Vault count percentage of total count
                 A         B        C        D         E       F
            +---------+---------+-------+---------+---------+-------
      Total |    1237 |     512 |  29.3 |      96 |       9 |   8.6
            +---------+---------+-------+---------+---------+-------
        D:1 |      31 |       0 |   0.0 |      19 |       0 |   0.0
        D:2 |      51 |      37 |  42.0 |      17 |       1 |   5.6
        D:3 |     166 |      39 |  19.0 |      15 |       3 |  16.7
        D:4 |     449 |     216 |  32.5 |      27 |       4 |  12.9
        D:5 |     116 |     220 |  65.5 |       6 |       1 |  14.3
        D:6 |      60 |       0 |   0.0 |       6 |       0 |   0.0
        D:7 |      34 |       0 |   0.0 |       1 |       0 |   0.0
        D:8 |     330 |       0 |   0.0 |       5 |       0 |   0.0
            +---------+---------+-------+---------+---------+-------
